 Dungeon Sprint DCSS version 0.28.0-43-g3370ac3207 (webtiles) character file.

Game seed: 8809391052324892660

3625 boopmooplesden the Fighter (level 9, -1/96 HPs)
             Began as a Minotaur Fighter on Mar 31, 2022.
             Was a Follower of Trog.
             Slain by a deep troll (13 damage)
             ... in the Dungeon (Sprint II: "The Violet Keep of Menkaure").
             The game lasted 00:02:37 (1130 turns).

boopmooplesden the Fighter (Minotaur Fighter)       Turns: 1130, Time: 00:02:37

Health: -1/96      AC: 15    Str: 22    XL:     9   Next: 87%
Magic:  8/8        EV: 12    Int:  5    God:    Trog [*.....]
Gold:   146        SH:  8    Dex: 17    Spells: 8/8 levels left

rFire   . . .      SeeInvis .   k - +3 long sword (holy)
rCold   . . .      Faith    .   c - +0 buckler
rNeg    . . .      Spirit   .   l - +0 scale mail of a ziggurat {Contam Harm rCorr}
rPois   +          Reflect  .   (helmet restricted)
rElec   .          Harm     +   m - +1 cloak {Stlth+}
rCorr   +          Rampage  .   d - +1 pair of gloves of the Tomato {rPois Dex+4}
Will    .....      NoTele   +   (no boots)
Stlth   +.........              (no amulet)
HPRegen 0.26/turn               (no ring)
MPRegen 0.11/turn               (no ring)

@: very slow
A: horns 2, retaliatory headbutt
a: Renounce Religion, Berserk


You were in the Dungeon.
You worshipped Trog.
Trog was aware of your devotion.
You visited 1 branch You collected 1068 gold pieces.
You spent 922 gold pieces at shops.

Inventory:

Hand Weapons
 a - a +0 long sword
 k - a +3 long sword of holy wrath (weapon)
Armour
 b - a +0 scale mail
 c - a +0 buckler (worn)
 d - the +1 pair of gloves of the Tomato (worn) {rPois Dex+4}
   (You bought it in a shop in the Dungeon)

   Dex:       It affects your dexterity (+4).
   rPois:     It protects you from poison.
 l - the +0 scale mail of a ziggurat (worn) {Contam Harm rCorr}
   (You bought it in a shop in the Dungeon)

   Contam:    It causes magical contamination when unequipped.
   rCorr:     It protects you from acid and corrosion.
   Harm:      It increases damage dealt and taken.
 m - a +1 cloak of stealth (worn)
Scrolls
 j - a scroll of blinking
Potions
 e - a potion of curing
 f - a potion of heal wounds
 g - a potion of haste
 h - 2 potions of magic


   Skills:
 + Level 14.9 Fighting
 + Level 13.8 Long Blades
 + Level 13.8 Armour
 + Level 4.3 Dodging
 + Level 0.6 Stealth
 + Level 13.1 Shields


You had 8 spell levels left.
You didn't know any spells.
Your spell library was empty.

Dungeon Overview and Level Annotations

Branches:
Dungeon (1/1)

Altars:
Cheibriados
Dithmenos
Elyvilon
Fedhas
Gozag
Hepliaklqana
Kikubaaqudgha
Makhleb
Nemelex Xobeh
Okawaru
Qazlal
Ru
Sif Muna
Trog
Uskayaw
Vehumet
Wu Jian
Xom
Yredelemnul
Zin
The Shining One
Beogh
Jiyva
Lugonu

Shops:
D ([:![!??=([[=:(

Annotations:
D exclusion: oklob plant


Innate Abilities, Weirdness & Mutations

You have a pair of horns on your head.
You reflexively headbutt those who attack you in melee.


Message History

You kill the deep troll!
Trog accepts your kill.
The troll leather armour is intact enough to wear.
Your Dodging skill increases to level 4!
Your Shields skill increases to level 13!
Your unstable footing causes you to fumble your attack.
You closely miss the deep troll.
The deep troll bites you but does no damage.
The deep troll barely misses you. The deep troll misses you.
Your unstable footing causes you to fumble your attack.
You block the deep troll's attack. x2
The deep troll claws you but does no damage.
You hit the deep troll.
The deep troll is lightly wounded.
The deep troll bites you! The deep troll misses you.
The deep troll claws you but does no damage.
Your unstable footing causes you to fumble your attack.
You barely miss the deep troll. You headbutt the deep troll!
The deep troll is moderately wounded.
The deep troll closely misses you. The deep troll completely misses you.
You block the deep troll's attack.
You slice the deep troll!!
The deep troll is severely wounded.
You block the deep troll's attack.
The deep troll claws you but does no damage. x2
Your unstable footing causes you to fumble your attack.
You block the deep troll's attack. x3
Your unstable footing causes you to fumble your attack.
Your unstable footing causes you to fumble your attack.
The deep troll bites you but does no damage.
The deep troll claws you! You block the deep troll's attack.
Your unstable footing causes you to fumble your attack.
You block the deep troll's attack. The deep troll claws you.
* * * LOW HITPOINT WARNING * * *
The deep troll barely misses you.
Your unstable footing causes you to fumble your attack.
The deep troll bites you!
* * * LOW HITPOINT WARNING * * *
The deep troll completely misses you. The deep troll claws you!
You die...

#^..##▓▓▓▓▓▓▓+▓▓▓▓+
≈≈≈≈≈≈≈≈≈≈≈≈≈.w─≈≈≈
≈#'########'###wX≈
≈#....._._#≈§≈##
≈#...._._.#≈≈§≈## ▓▓
≈#..._._._#≈§§≈≈##$$#
≈#.._._._.#§§§§≈≈#$.#
≈#._._._._#≈≈§§≈≈T$$+
≈#_._._._.#§≈§≈§@#
≈#._._._..#≈≈§§≈≈▓
§#.._._._.#§§§§▓▓▓
§##########≈§≈§▓
##≈≈≈≈≈≈≈≈≈≈§§≈▓z
##≈########§▓▓▓▓▓▓
##≈ #▓▓


You could see a deep troll.

Vanquished Creatures
  A deep troll (D)
  A merfolk siren (D)
  A yaktaur (D)
  3 polar bears (D)
  A hornet (D)
  2 wyverns (D)
  A vampire mosquito (D)
  4 neqoxecs (D)
  Menkaure (D)
  3 water moccasins (D)
  4 necrophages (D)
22 creatures vanquished.

Vanquished Creatures (others)
  A water moccasin (D)
  4 tentacles (D)
5 creatures vanquished.

Grand Total: 27 creatures vanquished

Notes
Turn   | Place    | Note
-------+----------+-------------------------------------------
     0 | D        | boopmooplesden the Minotaur Fighter began the quest for the
                  | Orb.
     0 | D        | Reached XP level 1. HP: 19/19 MP: 0/0
     1 | D        | Noticed a wyvern
     1 | D        | Noticed a wyvern
     4 | D        | Noticed a neqoxec
     4 | D        | Noticed a neqoxec
     4 | D        | Noticed a neqoxec
     4 | D        | Noticed a neqoxec
     7 | D        | Killed a neqoxec
     8 | D        | Reached skill level 7 in Fighting
     8 | D        | Reached XP level 2. HP: 34/34 MP: 1/1
     8 | D        | Reached XP level 3. HP: 39/39 MP: 2/2
     8 | D        | Reached XP level 4. HP: 47/47 MP: 3/3
    10 | D        | Killed a neqoxec
    11 | D        | Reached skill level 8 in Fighting
    11 | D        | Reached XP level 5. HP: 39/56 MP: 4/4
    17 | D        | Killed a neqoxec
    18 | D        | Reached skill level 9 in Fighting
    18 | D        | Reached skill level 5 in Long Blades
    18 | D        | Reached skill level 10 in Armour
    18 | D        | Reached XP level 6. HP: 24/66 MP: 5/5
    21 | D        | Killed a neqoxec
    22 | D        | Reached skill level 10 in Fighting
    22 | D        | Reached skill level 10 in Shields
   333 | D        | Reached XP level 7. HP: 49/73 MP: 6/6
   339 | D        | Reached skill level 11 in Fighting
   345 | D        | Reached skill level 1 in Dodging
   486 | D        | Noticed a merfolk siren
   502 | D        | Killed a merfolk siren
   503 | D        | Reached skill level 12 in Fighting
   503 | D        | Reached XP level 8. HP: 63/83 MP: 7/7
   613 | D        | Found Tyronuf's Armour Emporium.
   613 | D        | Found Piepsam's Jewellery Emporium.
   613 | D        | Found Poemas's Jewellery Shoppe.
   613 | D        | Found Viuziem's Weapon Emporium.
   613 | D        | Found Faaph's Antique Armour Shoppe.
   613 | D        | Found Xubb's Book Shoppe.
   614 | D        | Found Cuunog's Weapon Emporium.
   614 | D        | Found Ukim's Magic Scroll Shoppe.
   615 | D        | Found Haval's Magic Scroll Shoppe.
   615 | D        | Found Neromox's Distillery.
   635 | D        | Reached skill level 10 in Long Blades
   729 | D        | Found Ukhleis's Antique Armour Emporium.
   729 | D        | Found Dotseqeu's Distillery.
   729 | D        | Noticed Menkaure
   729 | D        | Noticed an oklob plant
   745 | D        | Killed Menkaure
   747 | D        | Noticed a slime creature
   748 | D        | Found Ugygri's Antique Armour Shoppe.
   748 | D        | Found Rirr's Book Shoppe.
   748 | D        | Found Quntehea's Antique Weapon Emporium.
   753 | D        | Bought the +1 pair of gloves of the Tomato {rPois Dex+4}
                  | for 407 gold pieces
   768 | D        | Bought a runed long sword for 136 gold pieces
   776 | D        | Bought a faintly humming scale mail for 207 gold pieces
   776 | D        | Identified the +0 scale mail of a ziggurat {Contam Harm
                  | rCorr} (You bought it in a shop in the Dungeon)
   776 | D        | Bought a glowing cloak for 172 gold pieces
   813 | D        | Found a snail-covered altar of Cheibriados.
   814 | D        | Found a shadowy altar of Dithmenos.
   814 | D        | Found a viscous altar of Jiyva.
   815 | D        | Found a white marble altar of Elyvilon.
   815 | D        | Found an ancient bone altar of Kikubaaqudgha.
   815 | D        | Found a hazy altar of Hepliaklqana.
   815 | D        | Found a sacrificial altar of Ru.
   816 | D        | Found a blossoming altar of Fedhas.
   816 | D        | Found a corrupted altar of Lugonu.
   816 | D        | Found a shimmering blue altar of Sif Muna.
   817 | D        | Found an opulent altar of Gozag.
   817 | D        | Found a burning altar of Makhleb.
   817 | D        | Found a bloodstained altar of Trog.
   818 | D        | Found a sparkling altar of Nemelex Xobeh.
   818 | D        | Found a hide-covered altar of Uskayaw.
   819 | D        | Found an iron altar of Okawaru.
   819 | D        | Found a radiant altar of Vehumet.
   819 | D        | Found a glowing silver altar of Zin.
   820 | D        | Noticed a yaktaur
   820 | D        | Noticed a hornet
   820 | D        | Noticed a polar bear
   820 | D        | Noticed a polar bear
   823 | D        | Killed a polar bear
   824 | D        | Reached skill level 13 in Fighting
   824 | D        | Noticed a polar bear
   827 | D        | Killed a polar bear
   828 | D        | Reached XP level 9. HP: 93/93 MP: 8/8
   831 | D        | Killed a yaktaur
   841 | D        | Killed a polar bear
   842 | D        | Reached skill level 14 in Fighting
   850 | D        | Found a basalt altar of Yredelemnul.
   852 | D        | Found a shimmering altar of Xom.
   853 | D        | Found a stormy altar of Qazlal.
   853 | D        | Found an ornate altar of the Wu Jian Council.
   853 | D        | Found a glowing golden altar of the Shining One.
   859 | D        | Became a worshipper of Trog the Wrathful
  1011 | D        | Noticed a kraken
  1041 | D        | Reached * piety under Trog
  1099 | D        | Noticed a deep troll
  1115 | D        | Noticed a deep troll
  1118 | D        | Killed a deep troll
  1130 | D        | Slain by a deep troll

Illustrated notes

Levels and vault maps discovered:
D:        the_violet_keep_of_menkaure [sprint2_stairs_cluster_1,
          sprint2_shoproom, sprint2_temple, sprint2_basic_supplies,
          sprint2_obstacle_2, sprint2_obstacle_5, sprint2_obstacle_4,
          sprint2_obstacle_1, sprint2_obstacle_7, sprint2_timed_cluster_1,
          sprint2_smallroom_cluster_1, sprint2_smallroom_final_cluster_1,
          sprint2_transparent_cluster_1, sprint2_second_timed_cluster_1,
          sprint2_sniper_area_1, sprint2_heavy_combat_area_1,
          sprint2_mutation_trap_area_1, sprint2_forest_area_1,
          sprint2_light_combat_area_1, sprint2_behind_water_1,
          sprint2_near_end_vault_1]

Skill      XL: |  1  2  3  4  5  6  7  8  9 |
---------------+----------------------------+-----
Fighting       | 7 8 9 10 12 13 14 | 14.9
Long Blades    | 3 4 5 6 8 11 13 | 13.8
Armour         | 7 9 10 11 12 13 | 13.8
Shields        | 7 8 9 10 11 12 13 | 13.1
Dodging        | 1 3 4 |  4.3
Stealth        | |  0.6

Action                   |  1- 3 |  4- 6 |  7- 9 || total
-------------------------+-------+-------+-------++-------
Melee: Long sword        |     2 |    24 |   118 ||   144
       Headbutt          |     2 |     1 |    25 ||    28
  Use: Potion            |     1 |       |     1 ||     2
Armor: Scale mail        |     1 |     3 |    50 ||    54
Dodge: Dodged            |     1 |     4 |    51 ||    56
Block: Buckler           |       |     4 |    57 ||    61
